TOP OF THE 1ST |
Salem Misfits batting - Pitching for San Bernardino Grasshoppers : RHP Luis Hernández
|
Pitching: RHP Luis Hernández
|
|
Batting: RHB Jesús Cisneros
|
0-0: Called Strike 0-1: Ball 1-1: Ball 2-1: Bunt for hit - play at first, batter OUT! 1-3
|
Batting: RHB Raúl Reyna
|
0-0: Ball 1-0: Called Strike 1-1: Swinging Strike 1-2: Strikes out swinging
|
Batting: SHB Fernando Sánchez
|
0-0: Foul Ball, location: 2F 0-1: Ball 1-1: Foul Ball, location: 2F 1-2: Ground out U3 (Groundball, 3S)
|
Top of the 1st over - 0 run(s), 0 hit(s), 0 error(s), 0 left on base; Salem 0 - San Bernardino 0 |
BOTTOM OF THE 1ST |
San Bernardino Grasshoppers batting - Pitching for Salem Misfits : RHP Kenny Koehler
|
Pitching: RHP Kenny Koehler
|
|
Batting: RHB Steve Jones
|
0-0: Ground out 6-3 (Groundball, 6M)
|
Batting: RHB José Paz
|
0-0: Ball 1-0: Ball 2-0: Ball 3-0: Called Strike 3-1: Base on Balls
|
Batting: RHB Pedro Álvarez
|
0-0: SINGLE (Groundball, 56D) José Paz to second
|
Batting: RHB Roberto Ruíz
|
0-0: Foul Ball, location: 2F 0-1: SINGLE (Flyball, 8RS) José Paz to third Pedro Álvarez to second Runner from 3rd tries for Home, SAFE, no throw or cutoff
|
Batting: LHB Natale Langushi
|
0-0: Ball 1-0: Ground out 5-3 (Groundball, 56S) Pedro Álvarez to third Roberto Ruíz to second
|
Batting: RHB Manuel Rivera
|
0-0: DOUBLE (Groundball, 5L) Pedro Álvarez scores Roberto Ruíz scores
|
Batting: RHB Jerrel Woestenberg
|
0-0: Ball 1-0: SINGLE (Flyball, 8RS) Manuel Rivera to third
|
Batting: SHB Noel King
|
0-0: Ball 1-0: Fly out, F7 (Flyball, 78M)
|
Bottom of the 1st over - 3 run(s), 4 hit(s), 0 error(s), 2 left on base; Salem 0 - San Bernardino 3 |
TOP OF THE 2ND |
Salem Misfits batting - Pitching for San Bernardino Grasshoppers : RHP Luis Hernández
|
Batting: LHB José Corona
|
0-0: Ball 1-0: Foul Ball, location: 2F 1-1: SINGLE (Groundball, 6M)
|
Batting: RHB Steve Duncan
|
0-0: Swinging Strike 0-1: Called Strike 0-2: Ball 1-2: Foul Ball, location: 2F 1-2: Fly out, F7 (Flyball, 7LD)
|
Batting: LHB Brent van Schoonhoven
|
0-0: Ball José Corona steals 2nd base 1-0: Called Strike 1-1: Swinging Strike 1-2: Strikes out swinging
|
Batting: RHB Ernesto Souza
|
0-0: Ball 1-0: DOUBLE (Line Drive, 5D) José Corona scores
|
Batting: RHB Ramón Ávila
|
0-0: Ball 1-0: Ball 2-0: Ball 3-0: Base on Balls
|
Batting: RHB Héctor Cantú
|
0-0: Called Strike 0-1: Foul Ball, location: 2F 0-2: SINGLE (Flyball, 89S) Ernesto Souza to third Ramón Ávila to second Runner from 3rd tries for Home, SAFE, no throw or cutoff
|
Batting: RHB Jesús Cisneros
|
0-0: Foul Ball, location: 2F 0-1: SINGLE (Groundball, 34S) (infield hit) Ramón Ávila to third Héctor Cantú to second
|
Batting: RHB Raúl Reyna
|
0-0: Ball 1-0: Ball 2-0: Fly out, F8 (Flyball, 8LM)
|
Top of the 2nd over - 2 run(s), 4 hit(s), 0 error(s), 3 left on base; Salem 2 - San Bernardino 3 |
BOTTOM OF THE 2ND |
San Bernardino Grasshoppers batting - Pitching for Salem Misfits : RHP Kenny Koehler
|
Batting: RHB Arnold Giroux
|
0-0: Foul Ball, location: 2F 0-1: Ball 1-1: Swinging Strike 1-2: Strikes out swinging
|
Batting: RHB Steve Jones
|
0-0: Ball 1-0: Ground out 5-3 (Groundball, 5S)
|
Batting: RHB José Paz
|
0-0: Ball 1-0: SINGLE (Groundball, 56D)
|
Batting: RHB Pedro Álvarez
|
0-0: Ball José Paz is caught stealing 2nd base
|
Bottom of the 2nd over - 0 run(s), 1 hit(s), 0 error(s), 0 left on base; Salem 2 - San Bernardino 3 |
TOP OF THE 3RD |
Salem Misfits batting - Pitching for San Bernardino Grasshoppers : RHP Luis Hernández
|
Batting: SHB Fernando Sánchez
|
0-0: DOUBLE (Line Drive, 3L)
|
Batting: LHB José Corona
|
0-0: Ball 1-0: Ball 2-0: Called Strike 2-1: Ground out 6-3 (Groundball, 6MS) Fernando Sánchez to third
|
Batting: RHB Steve Duncan
|
0-0: Ball 1-0: Ball 2-0: Swinging Strike 2-1: Foul Ball, location: 2F 2-2: Ball 3-2: Strikes out swinging
|
Batting: LHB Brent van Schoonhoven
|
0-0: Ball 1-0: Ball 2-0: Called Strike 2-1: Fly out, F9 (Flyball, 89M)
|
Top of the 3rd over - 0 run(s), 1 hit(s), 0 error(s), 1 left on base; Salem 2 - San Bernardino 3 |
BOTTOM OF THE 3RD |
San Bernardino Grasshoppers batting - Pitching for Salem Misfits : RHP Kenny Koehler
|
Batting: RHB Pedro Álvarez
|
0-0: Foul Ball, location: 2F 0-1: Ball 1-1: Ball 2-1: DOUBLE (Flyball, 8RD)
|
Batting: RHB Roberto Ruíz
|
0-0: Ball 1-0: Swinging Strike 1-1: Foul Ball, location: 2F 1-2: Strikes out swinging
|
Batting: LHB Natale Langushi
|
0-0: Called Strike 0-1: Swinging Strike 0-2: Foul Ball, location: 2F 0-2: Ball 1-2: Ball 2-2: Foul Ball, location: 2F 2-2: Foul Ball, location: 2F 2-2: Ground out 6-3 (Groundball, 6)
|
Batting: RHB Manuel Rivera
|
0-0: Ball 1-0: Ball 2-0: Called Strike 2-1: Ball 3-1: Foul Ball, location: 2F 3-2: Ground out 4-3 (Groundball, 4)
|
Bottom of the 3rd over - 0 run(s), 1 hit(s), 0 error(s), 1 left on base; Salem 2 - San Bernardino 3 |
TOP OF THE 4TH |
Salem Misfits batting - Pitching for San Bernardino Grasshoppers : RHP Luis Hernández
|
Batting: RHB Ernesto Souza
|
0-0: Ball 1-0: Ball 2-0: Foul Ball, location: 2F 2-1: Ball 3-1: Foul Ball, location: 2F 3-2: SINGLE (Groundball, 56)
|
Batting: RHB Ramón Ávila
|
0-0: Ball 1-0: Foul Ball, location: 2F 1-1: Called Strike 1-2: Ball 2-2: Ground out 4-3 (Groundball, 4M) Ernesto Souza to second
|
Batting: RHB Héctor Cantú
|
0-0: Ground out 4-3 (Groundball, 4) Ernesto Souza to third
|
Batting: RHB Jesús Cisneros
|
0-0: Ball 1-0: Ball 2-0: Called Strike 2-1: Fly out, F7 (Flyball, 78M)
|
Top of the 4th over - 0 run(s), 1 hit(s), 0 error(s), 1 left on base; Salem 2 - San Bernardino 3 |
BOTTOM OF THE 4TH |
San Bernardino Grasshoppers batting - Pitching for Salem Misfits : RHP Kenny Koehler
|
Batting: RHB Jerrel Woestenberg
|
0-0: Called Strike 0-1: Called Strike 0-2: Foul Ball, location: 2F 0-2: Ground out 4-3 (Groundball, 4)
|
Batting: SHB Noel King
|
0-0: Foul Ball, location: 2F 0-1: Ball 1-1: Called Strike 1-2: Foul Ball, location: 2F 1-2: Foul Ball, location: 2F 1-2: Fly out, F7 (Popup, 56D)
|
Batting: RHB Arnold Giroux
|
0-0: Fly out, F4 (Line Drive, 4)
|
Bottom of the 4th over - 0 run(s), 0 hit(s), 0 error(s), 0 left on base; Salem 2 - San Bernardino 3 |
TOP OF THE 5TH |
Salem Misfits batting - Pitching for San Bernardino Grasshoppers : RHP Luis Hernández
|
Batting: RHB Raúl Reyna
|
0-0: Ball 1-0: SINGLE (Groundball, 5D)
|
Batting: SHB Fernando Sánchez
|
0-0: Called Strike 0-1: Foul Ball, location: 2F 0-2: Strikes out swinging
|
Batting: LHB José Corona
|
0-0: Ball 1-0: Ground out 3-1 (Groundball, 34) Raúl Reyna to second
|
Batting: RHB Steve Duncan
|
0-0: Ball 1-0: Called Strike 1-1: Called Strike 1-2: Strikes out swinging
|
Top of the 5th over - 0 run(s), 1 hit(s), 0 error(s), 1 left on base; Salem 2 - San Bernardino 3 |
BOTTOM OF THE 5TH |
San Bernardino Grasshoppers batting - Pitching for Salem Misfits : RHP Kenny Koehler
|
Batting: RHB Steve Jones
|
0-0: Called Strike 0-1: Ground out 6-3 (Groundball, 6M)
|
Batting: RHB José Paz
|
0-0: Called Strike 0-1: Ball 1-1: Ball 2-1: Ball 3-1: Ground out 6-3 (Groundball, 6)
|
Batting: RHB Pedro Álvarez
|
0-0: Ball 1-0: Foul Ball, location: 2F 1-1: Foul Ball, location: 2F 1-2: Ball 2-2: Ball 3-2: Ground out 5-3 (Groundball, 56S)
|
Bottom of the 5th over - 0 run(s), 0 hit(s), 0 error(s), 0 left on base; Salem 2 - San Bernardino 3 |
TOP OF THE 6TH |
Salem Misfits batting - Pitching for San Bernardino Grasshoppers : RHP Luis Hernández
|
Batting: LHB Brent van Schoonhoven
|
0-0: Ball 1-0: Foul Ball, location: 2F 1-1: Swinging Strike 1-2: Strikes out swinging
|
Batting: RHB Ernesto Souza
|
0-0: Ball 1-0: Ball 2-0: Ball 3-0: Base on Balls
|
Batting: RHB Ramón Ávila
|
0-0: Ball 1-0: Ball 2-0: Ball 3-0: Called Strike 3-1: SINGLE (Line Drive, 56D) Ernesto Souza to second
|
Batting: RHB Héctor Cantú
|
0-0: Fly out, F8 (Flyball, 8LM)
|
Batting: RHB Jesús Cisneros
|
0-0: Ball 1-0: Ball 2-0: Called Strike 2-1: Foul Ball, location: 2F 2-2: Ball 3-2: Ground out 4-3 (Groundball, 4M)
|
Top of the 6th over - 0 run(s), 1 hit(s), 0 error(s), 2 left on base; Salem 2 - San Bernardino 3 |
BOTTOM OF THE 6TH |
San Bernardino Grasshoppers batting - Pitching for Salem Misfits : RHP Kenny Koehler
|
Batting: RHB Roberto Ruíz
|
0-0: Ball 1-0: Fly out, F7 (Flyball, 78M)
|
Batting: LHB Natale Langushi
|
0-0: Called Strike 0-1: Ball 1-1: Ball 2-1: Ball 3-1: Base on Balls
|
Batting: RHB Manuel Rivera
|
0-0: Ball 1-0: Called Strike 1-1: Foul Ball, location: 2F 1-2: Strikes out swinging
|
Batting: RHB Jerrel Woestenberg
|
0-0: Ball 1-0: Called Strike 1-1: SINGLE (Line Drive, 7S) Natale Langushi to second
|
Batting: SHB Noel King
|
0-0: Called Strike 0-1: Swinging Strike 0-2: DOUBLE (Flyball, 89M) Natale Langushi scores Jerrel Woestenberg to third
|
Batting: RHB Arnold Giroux
|
0-0: Called Strike 0-1: Ball 1-1: Ball 2-1: Called Strike 2-2: Ball 3-2: Strikes out swinging
|
Bottom of the 6th over - 1 run(s), 2 hit(s), 0 error(s), 2 left on base; Salem 2 - San Bernardino 4 |
TOP OF THE 7TH |
Salem Misfits batting - Pitching for San Bernardino Grasshoppers : RHP Luis Hernández
|
Pitching: RHP Pablo Vargas
|
|
Batting: RHB Raúl Reyna
|
0-0: Ball 1-0: Ball 2-0: Called Strike 2-1: Foul Ball, location: 2F 2-2: Foul Ball, location: 2F 2-2: Ball 3-2: Strikes out looking
|
Batting: SHB Fernando Sánchez
|
0-0: Ball 1-0: Called Strike 1-1: Foul Ball, location: 2F 1-2: Ball 2-2: Foul Ball, location: 2F 2-2: Foul Ball, location: 2F 2-2: DOUBLE (Line Drive, 9LM)
|
Batting: LHB José Corona
|
0-0: Ball 1-0: Ball 2-0: Called Strike 2-1: Fly out, F3 (Popup, 13)
|
Batting: RHB Steve Duncan
|
0-0: Foul Ball, location: 2F 0-1: Ground out 5-3 (Groundball, 56)
|
Top of the 7th over - 0 run(s), 1 hit(s), 0 error(s), 1 left on base; Salem 2 - San Bernardino 4 |
BOTTOM OF THE 7TH |
San Bernardino Grasshoppers batting - Pitching for Salem Misfits : RHP Kenny Koehler
|
Now in RF: Jim Unknown
|
|
Batting: RHB Steve Jones
|
0-0: Ball 1-0: Called Strike 1-1: Fly out, F7 (Flyball, 7LM)
|
Batting: RHB José Paz
|
0-0: Foul Ball, location: 2F 0-1: Ball 1-1: Ball 2-1: Called Strike 2-2: Ball 3-2: Fly out, F8 (Flyball, 8RXD)
|
Batting: RHB Pedro Álvarez
|
0-0: Called Strike 0-1: Ball 1-1: Foul Ball, location: 2F 1-2: Ball 2-2: Fly out, F7 (Flyball, 78D)
|
Bottom of the 7th over - 0 run(s), 0 hit(s), 0 error(s), 0 left on base; Salem 2 - San Bernardino 4 |
TOP OF THE 8TH |
Salem Misfits batting - Pitching for San Bernardino Grasshoppers : RHP Pablo Vargas
|
Batting: LHB Brent van Schoonhoven
|
0-0: Ball 1-0: Ground out 4-3 (Groundball, 4)
|
Batting: RHB Ernesto Souza
|
0-0: Called Strike 0-1: Foul Ball, location: 2F 0-2: Ball 1-2: Fly out, F7 (Flyball, 7M)
|
Batting: RHB Ramón Ávila
|
0-0: Foul Ball, location: 2F 0-1: Foul Ball, location: 2F 0-2: Ball 1-2: Strikes out swinging
|
Top of the 8th over - 0 run(s), 0 hit(s), 0 error(s), 0 left on base; Salem 2 - San Bernardino 4 |
BOTTOM OF THE 8TH |
San Bernardino Grasshoppers batting - Pitching for Salem Misfits : RHP Kenny Koehler
|
Pitching: LHP Dorian Daly
|
|
Batting: RHB Roberto Ruíz
|
0-0: Ball 1-0: Called Strike 1-1: Ball 2-1: Ball 3-1: Foul Ball, location: 2F 3-2: Foul Ball, location: 2F 3-2: Foul Ball, location: 2F 3-2: Foul Ball, location: 2F 3-2: Strikes out swinging
|
Batting: LHB Natale Langushi
|
0-0: Called Strike 0-1: Ball 1-1: Ball 2-1: Ground out 6-3 (Groundball, 6M)
|
Batting: RHB Manuel Rivera
|
0-0: Ball 1-0: Called Strike 1-1: Ball 2-1: Foul Ball, location: 2F 2-2: Strikes out swinging
|
Bottom of the 8th over - 0 run(s), 0 hit(s), 0 error(s), 0 left on base; Salem 2 - San Bernardino 4 |
TOP OF THE 9TH |
Salem Misfits batting - Pitching for San Bernardino Grasshoppers : RHP Pablo Vargas
|
Pitching: RHP Manny Hernández
|
|
Batting: RHB Héctor Cantú
|
0-0: SINGLE (Line Drive, 4D)
|
Batting: RHB Jesús Cisneros
|
0-0: Called Strike 0-1: Foul Ball, location: 2F 0-2: Foul Ball, location: 2F 0-2: Strikes out looking
|
Batting: RHB Jim Unknown
|
0-0: Grounds into double play, 6-4-3 (Groundball, 6)
|
Top of the 9th over - 0 run(s), 1 hit(s), 0 error(s), 0 left on base; Salem 2 - San Bernardino 4 |
|